 Dungeon Crawl Stone Soup version 0.30.1-11-g7821555f0a (webtiles) character file.

Game seed: 4246988896960017007

130 kelmen the Covered (level 4, -27/38 HPs)
             Began as a Demigod Fighter on Nov 21, 2023.
             Killed by an exploding orc (30 damage)
             ... ignited by their inner flame
             ... on level 3 of the Dungeon.
             The game lasted 00:07:02 (1729 turns).

kelmen the Covered (Demigod Fighter)                Turns: 1729, Time: 00:07:03

Health: -27/38     AC:  8    Str: 21    XL:     4   Next: 60%
Magic:  6/6        EV:  9    Int: 10    God:
Gold:   72         SH:  5    Dex: 13    Spells: 3/3 levels left

rFire   . . .        a - +0 war axe
rCold   . . .        c - +0 buckler
rNeg    . . .        b - +0 scale mail
rPois   .            (no helmet)
rElec   .            (no cloak)
rCorr   .            (no gloves)
SInv    .            m - +0 pair of boots
Will    .....        j - amulet of the acrobat Stlth
                     (no ring)
HPRegen 0.26/turn    (no ring)
MPRegen 0.10/turn

%: acrobat
@: no status effects
A: high MP 1, forlorn, divine attributes
a: no special abilities


You were on level 3 of the Dungeon.
You visited 1 branch of the dungeon, and saw 3 of its levels.

You collected 72 gold pieces.

Inventory:

Hand Weapons
 a - a +0 war axe (weapon)
Armour
 b - a +0 scale mail (worn)
 c - a +0 buckler (worn)
 m - a +0 pair of boots (worn)
Jewellery
 j - an amulet of the acrobat (around neck)
Wands
 q - a wand of charming (7)
Scrolls
 e - a scroll of enchant weapon
 f - a scroll of immolation
 g - a scroll of vulnerability {unknown}
 h - a scroll of acquirement {unknown}
 i - a scroll of teleportation {unknown}
 l - a scroll of magic mapping {unknown}
 o - a scroll of fog {unknown}
 p - 2 scrolls of identify
Potions
 d - a potion of might
 k - 2 potions of berserk rage
 n - a potion of invisibility {unknown}


   Skills:
 + Level 3.4 Fighting
 + Level 2.7 Axes
 + Level 3.4 Armour
 + Level 3.4 Shields


You had 3 spell levels left.
You didn't know any spells.
Your spell library contained the following spells:

 Spells                   Type           Power      Damage    Failure   Level
 Freeze                   Ice            0%         1d3       77%         1
 Slow                     Hex            0%         N/A       77%         1
 Scorch                   Fire           0%         2d5       88%         2
 Call Canine Familiar     Summ           0%         N/A       98%         3
 Confusing Touch          Hex            0%         N/A       98%         3
 Frozen Ramparts          Ice            0%         1d1       98%         3
 Hailstorm                Conj/Ice       0%         3d3       98%         3
 Portal Projectile        Hex/Tloc       0%         N/A       98%         3
 Vampiric Draining        Necr           0%         2d6       98%         3
 Animate Dead             Necr           0%         N/A       100%        4
 Flame Wave               Conj/Fire      0%         2d4       100%        4
 Leda's Liquefaction      Hex/Erth       0%         N/A       100%        4
 Summon Cactus Giant      Summ           0%         N/A       100%        6
 Haunt                    Necr/Summ      0%         N/A       100%        7
 Infestation              Necr           0%         N/A       100%        8


Dungeon Overview and Level Annotations

Branches:
Dungeon (3/15)

Shops:
D:1 (*[


Innate Abilities, Weirdness & Mutations

You have an increased reservoir of magic. (+10% MP)
You shall have no god before yourself.
Your divine heritage dramatically boosts your attributes as you level up.


Message History

You slash the rat!
You kill the rat!
p - 2 scrolls of identify (gained 1)
You now have 59 gold pieces (gained 9).
Found a scroll of immolation.
Found 13 gold pieces.
f - 2 scrolls of immolation (gained 1)
You now have 72 gold pieces (gained 13).
Found a spear.
Found a rapier.
You see here a +0 rapier.
An orc comes into view. It is wielding a +0 hand axe.
The orc shouts!
An orc priest comes into view. It is wielding a +0 mace.
The orc priest shouts!
An orc comes into view. It is wielding a +0 club.
The orc shouts!
You barely miss the orc.
The orc priest casts a cantrip, but nothing happens.
An orc comes into view. It is wielding a +0 club.
The orc shouts!
The orc priest looks braver for a moment.
An orc comes into view. It is wielding a +0 hand axe.
The orc closely misses you.
As you read the scroll of immolation, it crumbles to dust.
The creatures around you are filled with an inner flame!
You block the orc's attack.
You slash the orc priest!
Flame seeps out of the orc priest.
The orc priest is severely wounded.
You barely miss the orc.
The orc priest is engulfed in blazing flames.
The orc priest explodes!
The fiery explosion engulfs you!!
Ouch! That really hurt!
* * * LOW HITPOINT WARNING * * *
The fiery explosion engulfs the orc!!
The orc explodes!
The fiery explosion engulfs you!!
Ouch! That really hurt!
You die...

#.≈###≈.≈# #≈.≈# .≈
#.≈≈≈≈≈.≈≈≈≈≈.≈≈≈≈
#..................
###.≈≈≈≈≈.≈≈≈≈≈.≈≈≈≈≈.≈
....≈###≈.≈###≈.≈###≈.≈#
###.≈# #≈.≈# #≈.≈# ≈.≈#
#.≈###≈.≈###≈.≈###≈.≈#
#.≈≈≈≈≈.≈≈≈≈≈o§§§≈≈.≈≈
#..........)..@○§.o.o.
##.########...#§######
#)# #....§# #.. .....###
#### #######


You could see 3 orcs.

Vanquished Creatures
  An orc priest (D:3)
  Jessica (D:2)
  Terence (D:2)
  3 adders (D:2)
  3 dart slugs
  2 orcs (D:3)
  3 endoplasms
  3 giant cockroaches
  3 goblins
  3 hobgoblins
  3 jackals (D:1)
  A quokka (D:2)
  6 ball pythons
  3 bats (D:1)
  A frilled lizard (D:1)
  8 kobolds
  5 rats
50 creatures vanquished.

Notes
Turn   | Place    | Note
-------+----------+-------------------------------------------
     0 | D:1      | kelmen the Demigod Fighter began the quest for the Orb.
     0 | D:1      | Reached XP level 1. HP: 18/18 MP: 3/3
    76 | D:1      | Found Kaxoihu's General Store.
    86 | D:1      | Found Niuzizy's Armour Emporium.
   268 | D:1      | Found Vitogura's Antique Weapon Boutique.
   328 | D:1      | Reached XP level 2. HP: 25/25 MP: 4/4
   881 | D:2      | Reached XP level 3. HP: 31/31 MP: 5/5
   954 | D:2      | Noticed Terence
   963 | D:2      | Killed Terence
   964 | D:2      | Reached XP level 4. HP: 35/38 MP: 6/6
  1386 | D:2      | Noticed Jessica
  1391 | D:2      | Killed Jessica
  1729 | D:3      | Killed by an exploding orc... ignited by their inner flame

Illustrated notes

Levels and vault maps discovered:
D:1:      lemuel_arrival_behind_the_door_large, layout_rooms, serial_shops,
          nicolae_shop_just_a_little_nook, shop, shop,
          chequers_serial_rivers_room_b, hangedman_decor_peaks_small,
          minivault_19
D:2:      layout_rooms, serial_aquarium, aquarium_bridge_square
          [aquarium_subvault_window, aquarium_subvault_wall,
          aquarium_subvault_bridge, aquarium_subvault_balcony],
          aquarium_bridge_island_small [aquarium_subvault_small_water,
          aquarium_subvault_balcony, aquarium_subvault_bridge,
          aquarium_subvault_bridge, aquarium_subvault_bridge],
          aquarium_window_fake, aquarium_window_corridor_2,
          aquarium_window_fake, aquarium_view_2f, aquarium_view_2e, basic_altar,
          kennysheep_jessica_study, uniq_terence
D:3:      layout_loops_ring, serial_bayou, serial_bayou_pond_c,
          serial_bayou_pond_c, serial_bayou_lagoon_a, serial_bayou_pond_c,
          kennysheep_boxes

Skill      XL: |  1  2 |
---------------+-------+-----
Axes           | 2 |  2.7
Fighting       | 3 |  3.4
Armour         | 3 |  3.4
Shields        | 3 |  3.4

Action                     |  1- 3 |  4- 6 || total
---------------------------+-------+-------++-------
  Melee: War axe           |    80 |    37 ||   117
    Use: Scroll            |     1 |     3 ||     4
 Armour: Scale mail        |    63 |     6 ||    69
  Dodge: Dodged            |    51 |    22 ||    73
  Block: Buckler           |    21 |     5 ||    26
